 Dungeon Crawl Stone Soup version 0.20-a0-390-g4892b34 (webtiles) character file.

93514 witty the Earth Mage (level 16, 0/112 HPs)
             Began as an Octopode Earth Elementalist on Dec 30, 2016.
             Was an Elder of Vehumet.
             Slain by a merfolk
             ... wielding a +0 halberd
              (15 damage)
             ... on level 3 of the Shoals.
             The game lasted 03:03:51 (33836 turns).

witty the Earth Mage (Octopode Earth Elementalist) Turns: 33836, Time: 03:03:52

Health: 0/112      AC:  2    Str:  9    XL:     16   Next: 8%
Magic:  1/32       EV: 25    Int: 27    God:    Vehumet [****..]
Gold:   1679       SH:  0    Dex: 22    Spells: 17/39 levels left

rFire  + + +     SeeInvis .     x - +8 dagger of Defiance {freeze, rN++}
rCold  + + .     Gourm    .     (no shield)
rNeg   + + .     Faith    .     M - +1 hat
rPois  .         Spirit   .     E - amulet of magic regeneration
rElec  +         Reflect  .     l - +3 ring of intelligence
rCorr  +         Harm     .     y - ring of protection from fire {rF+, !d}
MR     +++..                    s - ring of protection from fire {rF+, !d}
Stlth  +++++++...               v - ring "Alymar" {rElec MR+ Str+2 Dex+2}
                                D - ring of protection from fire {rF+, !d}
                                K - ring of protection from cold {rC+, !d}
                                t - ring of Patience {rCorr Dex+2}
                                I - ring of protection from magic {MR+, !d}

@: agile, studying Bows, repel missiles
A: almost no armour, stealthy swim, amphibious, 8 rings, constrict 8, camouflage
1, cold resistance 1, gelatinous body 1
a: Renounce Religion


You were on level 3 of the Shoals.
You worshipped Vehumet.
Vehumet was greatly pleased with you.
You were not hungry.

You visited 5 branches of the dungeon, and saw 26 of its levels.
You also visited: Labyrinth and Sewer.

You collected 2349 gold pieces.
You spent 670 gold pieces at shops.

Inventory:

Hand Weapons
 x - the +8 dagger of Defiance (weapon) {freeze, rN++}
   (You found it on level 11 of the Dungeon)

   It has been specially enchanted to freeze those struck by it, causing extra
   injury to most foes and up to half again as much damage against particularly
   susceptible opponents.
   It can also slow down cold-blooded creatures.
   It greatly protects you from negative energy.
Missiles
 j - 2 throwing nets {=f, !d}
 o - 277 stones (quivered)
Armour
 M - a +1 hat (worn)
   (You took it off Gastronok on level 12 of the Dungeon)
Magical Staves
 Z - an uncursed staff of power {MP+17, !a}
   (You found it on level 9 of the Dungeon)
Jewellery
 l - a +3 ring of intelligence (left tentacle)
   (You found it on level 3 of the Dungeon)
 p - a +1 ring of protection {unknown}
   (You found it on level 1 of the Shoals)
 s - a ring of protection from fire (on tentacle) {rF+, !d}
   (You found it on level 2 of the Lair of Beasts)
 t - the ring of Patience (on tentacle) {rCorr Dex+2}
   (You bought it in a shop on level 2 of the Orcish Mines)

   [ring of resist corrosion]

   It affects your dexterity (+2).
 v - the ring "Alymar" (on tentacle) {rElec MR+ Str+2 Dex+2}
   (You found it in a labyrinth)

   [ring of protection from magic]

   It affects your strength (+2).
   It affects your dexterity (+2).
   It insulates you from electricity.
   It affects your resistance to hostile enchantments.
 y - a ring of protection from fire (right tentacle) {rF+, !d}
   (You found it on level 4 of the Lair of Beasts)
 D - a ring of protection from fire (on tentacle) {rF+, !d}
   (You found it on level 11 of the Dungeon)
 E - an amulet of magic regeneration (around mantle)
   (You took it off a crimson imp on level 5 of the Dungeon)
 I - a ring of protection from magic (on tentacle) {MR+, !d}
   (You found it on level 5 of the Lair of Beasts)
 K - a ring of protection from cold (on tentacle) {rC+, !d}
   (You found it on level 12 of the Dungeon)
 Q - an uncursed amulet of regeneration {unknown}
   (You took it off a merfolk on level 3 of the Shoals)
Wands
 a - a wand of iceblast (5/15)
   (You found it on level 13 of the Dungeon)
 e - a wand of digging (9/24)
   (You found it on level 10 of the Dungeon)
 F - a wand of lightning (5/15)
   (You found it on level 3 of the Lair of Beasts)
 H - a wand of acid (7/15)
   (You took it off Maurice on level 12 of the Dungeon)
 J - a wand of digging (11/24)
   (You found it on level 6 of the Lair of Beasts)
 R - a wand of disintegration (8/24)
   (You found it on level 3 of the Lair of Beasts)
 T - a wand of acid (7/15)
   (You found it on level 13 of the Dungeon)
Scrolls
 b - a scroll of identify
 f - 2 scrolls of recharging
 h - a scroll of magic mapping {!r}
 u - a scroll of enchant armour
 w - 11 scrolls of remove curse
 B - 2 scrolls of teleportation
 G - 3 scrolls of enchant weapon
Potions
 g - 7 potions of lignification {!q}
 i - 11 potions of curing
 k - a potion of ambrosia
 n - 3 potions of cure mutation {!q}
 L - a potion of resistance
 P - 4 potions of brilliance
 W - 2 potions of flight
 X - 2 potions of might
Books
 d - a manual of Bows {!d}
   (You found it on level 13 of the Dungeon)
 A - a book of Beasts
   (You found it on level 6 of the Lair of Beasts)
 C - a book of the Dragon
   (You found it on level 6 of the Lair of Beasts)
 S - a Grand Grimoire
   (You found it on level 6 of the Lair of Beasts)
Miscellaneous
 N - a phial of floods
   (You found it on level 6 of the Lair of Beasts)
 U - a crystal ball of energy
   (You found it on level 1 of the Lair of Beasts)
 V - a fan of gales
   (You found it on level 4 of the Lair of Beasts)
 Y - 2 phantom mirrors
Comestibles
 c - 15 bread rations {@e1}
 m - 3 meat rations {@e2}
 q - 2 chunks of flesh {@w0}
 r - 12 fruits
 O - 9 slices of pizza


   Skills:
 - Level 11.1 Fighting
 + Level 8.0 Dodging
 - Level 7.2 Stealth
 - Level 12.1 Spellcasting
 + Level 9.3 Conjurations
 - Level 3.0 Hexes
 - Level 3.0 Transmutations
 - Level 17.5 Earth Magic


You had 17 spell levels left.
You knew the following spells:

 Your Spells              Type           Power        Failure   Level  Hunger
a - Sandblast             Erth           ######       0%          1    None
b - Petrify               Tmut/Erth      ######..     1%          4    None
c - Confuse               Hex            ####....     2%          3    None
d - Repel Missiles        Chrm/Air       ###...       6%          2    None
s - Swiftness             Chrm/Air       ###.....     6%          2    None
w - Passwall              Tmut/Erth      ######....   1%          2    None
x - Stone Arrow           Conj/Erth      ######       1%          3    None
z - Lee's Rapid Deconstr  Erth           #######...   1%          5    ###....


Dungeon Overview and Level Annotations

Branches:
Dungeon (14/15)            Temple (1/1) D:5            Lair (6/6) D:8
 Shoals (3/4) Lair:4        Snake (0/4) Lair:2        Slime (0/5) Lair:6
    Orc (2/2) D:9             Elf (0/3) Orc:2
 Vaults: D:13-14

Altars:
Ashenzari
Cheibriados
Dithmenos
Elyvilon
Fedhas
Gozag
Hepliaklqana
Kikubaaqudgha
Makhleb
Nemelex Xobeh
Okawaru
Qazlal
Ru
Sif Muna
Trog
Uskayaw
Vehumet
Xom
Yredelemnul
Zin
The Shining One
Beogh

Shops:
D:5 (   D:12 (   Orc:2 [(*:

Portals:
Trove: D:13 (show slimy rune of Zot)

Annotations:
D:14 Kirke
Lair:1 exclusion: oklob plant
Lair:2 exclusion: oklob plant
Shoals:2 cciulla's ghost, adept FoFi


Innate Abilities, Weirdness & Mutations

You cannot wear most types of armour.
You are very stealthy in the water. (Stealth+)
You are amphibious.
You can wear up to eight rings at the same time.
You can use your tentacles to constrict eight enemies at once.
Your skin changes colour to match your surroundings (Stealth+).
Your rubbery body absorbs attacks. (AC +1, EV +1)
Your flesh is cold resistant. (rC+)


Message History

The merfolk impaler is moving more slowly.
You now have 28/47 mp.
Fragment what (e.g. wall or brittle monster)?: a merfolk impaler, wielding a trident of venom and wearing a robe (slowly petrifying)
The merfolk impaler shatters!
The blast of petrified fragments hits the plant. x2
You now have 23/47 mp.
Fragment what (e.g. wall or brittle monster)?: a merfolk impaler, wielding a trident of venom and wearing a robe (water, moderately wounded, slowly petrifying)
The merfolk impaler shatters!
You now have 18/47 mp.
The merfolk impaler stops moving altogether!
You see here a trident.
Fragment what (e.g. wall or brittle monster)?: a merfolk impaler, wielding a trident of venom and wearing a robe (water, heavily wounded, petrified)
The merfolk impaler shatters!
You now have 15/47 mp.
Fragment what (e.g. wall or brittle monster)?: a merfolk impaler, wielding a trident of venom and wearing a robe (water, heavily wounded, petrified)
The merfolk impaler shatters!
A merfolk comes into view. It is wielding a halberd.
You now have 10/47 mp.
Fragment what (e.g. wall or brittle monster)?: a merfolk impaler, wielding a trident of venom and wearing a robe (water, severely wounded, petrified)
Okay, then.
Fragment what (e.g. wall or brittle monster)?: a merfolk impaler, wielding a trident of venom and wearing a robe (water, severely wounded, petrified)
The merfolk impaler shatters!
The blast of petrified fragments hits the merfolk.
The merfolk shouts!
You now have 6/47 mp.
Fragment what (e.g. wall or brittle monster)?: a merfolk impaler, wielding a trident of venom and wearing a robe (water, almost dead, petrified)
The merfolk impaler shatters!
You blow up the merfolk impaler!
Vehumet accepts your kill.
You feel your power returning.
You hear a splash. x2
Your Dodging skill increases to level 8!
A merfolk comes into view. It is wielding a halberd.
You now have 3/47 mp.
The merfolk hits you from afar with a halberd!
You take 9 damage, and have 95/112 hp.
Aim: a merfolk, wielding a halberd (water, moderately wounded)
The stone arrow hits the merfolk.
The merfolk shouts!
The merfolk hits you from afar with a halberd!
You take 15 damage, and have 80/112 hp.
You now have 2/47 mp.
You feel your magic capacity decrease.
The +8 dagger of Defiance {freeze, rN++} glows with a cold blue light!
x - the +8 dagger of Defiance (weapon)
{freeze, rN++} The merfolk completely misses you.
You hit the merfolk but do no damage. You grab the merfolk.
You constrict the merfolk, but do no damage.
The merfolk hits you with a halberd! The merfolk misses you.
You take 11 damage, and have 70/112 hp.
You hit the merfolk but do no damage. You constrict the merfolk.
The merfolk closely misses you.
The merfolk hits you from afar with a halberd!
You take 15 damage, and have 55/112 hp.
You completely miss the merfolk. You squeeze the merfolk.
You constrict the merfolk. The merfolk closely misses you.
The merfolk barely misses you.
You hit the merfolk. You freeze the merfolk. You constrict the merfolk.
The merfolk barely misses you. The merfolk misses you.
You hit the merfolk. You freeze the merfolk. You constrict the merfolk.
The merfolk closely misses you. x2
You hit the merfolk. You freeze the merfolk. You constrict the merfolk.
You completely miss the merfolk.
You squeeze the merfolk, but do no damage.
You constrict the merfolk. The merfolk hits you with a halberd!
The merfolk misses you.
You take 11 damage, and have 45/112 hp.
You hit the merfolk. You freeze the merfolk. You squeeze the merfolk.
You kill the merfolk!
Vehumet accepts your kill.
You feel your power returning.
You hear a splash. x2
The merfolk misses you.
You regained 4 mp, and now have 9/32 mp.
Aim: a merfolk, wielding a halberd and wearing an ichor-stained ring mail (water)
The stone arrow hits the merfolk.
The merfolk misses you.
You now have 7/32 mp.
Aim: a merfolk, wielding a halberd and wearing an ichor-stained ring mail (water)
Okay, then.
Aim: a merfolk, wielding a halberd and wearing an ichor-stained ring mail (water, chance to defeat MR: 62%)
The merfolk resists with significant effort.
The merfolk hits you from afar with a halberd.
You take 4 damage, and have 41/112 hp.
You now have 3/32 mp.
You don't have enough magic to cast that spell.
The merfolk hits you with a halberd!
* * * LOW HITPOINT WARNING * * *
You take 17 damage, and have 24/112 hp.
Unknown command.
You feel agile all of a sudden.
You feel better. The merfolk completely misses you.
You regained 5 hp, and now have 29/112 hp.
Okay, then.
Aim: a merfolk, wielding a halberd and wearing an ichor-stained ring mail (water, chance to defeat MR: 43%)
Okay, then.
Aim: a merfolk, wielding a halberd and wearing an ichor-stained ring mail (water, chance to defeat MR: 62%)
The merfolk resists with significant effort.
The merfolk hits you with a halberd!!
* * * LOW HITPOINT WARNING * * *
You take 21 damage, and have 8/112 hp.
You now have 1/32 mp.
You feel better. The merfolk hits you with a halberd!
You die...

≈.....≈≈≈≈≈≈≈≈≈≈≈m≈≈≈≈≈≈≈≈≈≈≈≈≈≈≈
≈≈≈≈≈≈≈≈≈≈≈≈≈≈≈≈≈≈≈≈≈≈≈≈≈≈≈≈≈≈≈≈≈
≈≈≈≈≈≈≈≈≈≈≈≈≈≈≈≈≈≈≈≈≈≈≈≈≈≈≈≈≈≈≈≈≈
≈≈≈≈≈≈≈≈≈≈≈≈≈≈≈≈≈≈≈≈≈≈≈≈≈≈≈≈≈≈≈≈≈
≈≈≈≈≈≈≈≈≈≈≈≈≈≈≈≈≈)≈≈≈≈≈≈≈≈≈≈≈≈≈≈≈
≈≈≈≈≈≈≈≈≈≈≈≈≈≈≈≈≈≈≈≈≈≈≈≈≈≈≈≈≈≈≈≈≈
≈≈≈≈≈≈≈≈≈≈≈≈≈≈≈≈≈≈≈≈≈≈≈≈≈≈≈≈≈≈≈≈≈
≈≈≈≈≈≈≈≈≈≈≈≈≈≈≈≈≈≈≈≈≈≈≈≈≈≈≈
≈≈≈≈≈≈≈≈≈≈≈≈≈≈≈m@)≈≈≈≈≈≈≈≈≈
≈≈≈≈≈≈≈≈≈≈≈≈≈≈≈≈≈≈≈≈≈≈≈≈≈≈≈
≈≈≈≈≈≈≈≈≈≈≈≈≈≈≈≈≈≈≈≈≈≈≈≈≈≈≈
≈≈≈≈≈≈≈≈≈≈≈≈≈≈≈≈≈≈
≈≈≈≈≈≈≈≈≈≈≈≈≈≈≈≈≈≈
≈≈≈≈≈≈≈≈≈≈≈≈≈≈≈≈≈≈
≈≈≈≈≈≈≈≈≈≈≈≈≈≈≈≈ ≈≈≈≈≈≈≈≈≈≈≈≈≈≈≈≈
################


You could see a merfolk.

Vanquished Creatures
  Gastronok (D:12)
  An orc warlord (Orc:1)
  An ettin (Orc:2)
  A merfolk impaler (Shoals:3)
  A minotaur (Lab)
  Josephine (Orc:1)
  Erolcha (D:13)
  6 hydras
  2 catoblepae
  A vault guard (D:13)
  An ice dragon (Lair:4)
  A merfolk avatar (Shoals:1)
  2 centaur warriors (D:13)
  A merfolk aquamancer (Shoals:1)
  A deep troll shaman (Lair:6)
  A satyr (Shoals:3)
  Erica (Orc:1)
  3 two-headed ogres
  3 orc high priests (Orc:2)
  6 death yaks
  3 skeletal warriors (D:12)
  3 sea snakes (Shoals:3)
  A lindwurm (Lair:6)
  Pikel (D:4)
  6 fauns
  3 orc knights (Orc:1)
  4 orc sorcerers
  2 ugly things
  3 cyclopes
  7 elephants
  7 manticores
  3 centaur zombies
  Joseph (D:9)
  15 spiny frogs
  3 merfolk sirens
  2 black mambas
  Maurice (D:12)
  3 gargoyles
  A water nymph (Shoals:3)
  9 komodo dragons
  A freezing wraith (D:14)
  A rime drake (Lair:2)
  The ghost of lancediamond the Chopper, an amateur TrCK of Xom (D:5)
  A tengu conjurer (D:13)
  7 trolls
  A polar bear (Lair:3)
  A hornet (D:11)
  6 merfolk
  2 wind drakes
  9 blink frogs
  12 hippogriffs
  A slime creature (Lair:6)
  2 snapping turtles
  A vampire (D:12)
  53 yaks
  4 wraiths
  A fire elemental (D:11)
  A shadow (D:13)
  Eustachio (D:5)
  5 water elementals
  4 hogs
  A human (D:7)
  7 wyverns
  A basilisk (Lair:2)
  4 vampire mosquitoes (D:14)
  3 hungry ghosts
  2 acid dragons
  4 nagas (Lair:2)
  10 wargs
  Duvessa (D:5)
  17 water moccasins
  8 porcupines
  3 black bears
  A hornet zombie (D:10)
  38 orc warriors
  3 ice beasts
  9 sky beasts
  Purgy (Sewer)
  2 phantoms
  4 slaves (D:4)
  2 eyes of draining
  A necrophage (D:13)
  10 centaurs
  9 ogres
  9 wolves
  14 crocodiles
  4 big kobolds
  12 bullfrogs
  A wyvern zombie (D:12)
  A water moccasin zombie (D:7)
  Dowan (D:5)
  3 scorpions
  20 killer bees
  3 wights (D:7)
  2 electric eels
  7 crimson imps
  3 bullfrog zombies
  2 quasits
  7 hounds
  2 centaur skeletons
  2 bullfrog skeletons
  8 jellies
  25 orc priests
  8 iguanas
  30 orc wizards
  Ijyb (D:2)
  11 worker ants
  6 ogre zombies (D:9)
  A hound skeleton (D:4)
  A worker ant zombie (D:7)
  Robin (D:2)
  16 adders
  5 shadow imps
  3 white imps (Lair:4)
  2 oozes
  2 adder skeletons
  3 dart slugs
  8 leopard geckos
  89 orcs
  5 giant cockroaches
  18 goblins
  14 hobgoblins
  6 jackals
  4 quokkas
  4 ball pythons
  10 bats
  7 frilled lizards
  A goblin skeleton (D:9)
  A goblin zombie (D:9)
  3 hobgoblin zombies (D:9)
  26 kobolds
  A leopard gecko skeleton (D:7)
  2 orc skeletons (D:9)
  11 orc zombies (D:9)
  3 quokka skeletons
  8 rats
  2 fungi
  A plant (Lair:6)
810 creatures vanquished.

Vanquished Creatures (collateral kills)
  2 death yaks (Lair:6)
2 creatures vanquished.

Vanquished Creatures (others)
  10 fungi
  8 plants
  4 toadstools (D:1)
22 creatures vanquished.

Grand Total: 834 creatures vanquished

Notes
Turn   | Place    | Note
-------+----------+-------------------------------------------
     0 | D:1      | witty the Octopode Earth Elementalist began the quest for the Orb.
     0 | D:1      | Reached XP level 1. HP: 11/11 MP: 3/3
   340 | D:1      | Reached XP level 2. HP: 17/17 MP: 3/5
   578 | D:1      | Reached skill level 4 in Earth Magic
   578 | D:1      | Reached XP level 3. HP: 21/21 MP: 3/6
   768 | D:2      | Noticed Robin
   826 | D:2      | Noticed Ijyb
   862 | D:2      | Killed Ijyb
  1209 | D:2      | Reached XP level 4. HP: 18/27 MP: 4/7
  1290 | D:2      | Learned a level 3 spell: Stone Arrow
  1565 | D:2      | Reached skill level 5 in Earth Magic
  2084 | D:2      | Reached skill level 1 in Conjurations
  2228 | D:2      | Noticed a phantom
  2239 | D:2      | Killed a phantom
  2239 | D:2      | Reached skill level 3 in Conjurations
  2239 | D:2      | Reached XP level 5. HP: 31/31 MP: 2/8
  2314 | D:2      | Killed Robin
  2612 | D:3      | Reached XP level 6. HP: 37/37 MP: 9/9
  2751 | D:3      | Found a glowing drain.
  2769 | Sewer    | Entered a sewer
  2776 | Sewer    | Reached skill level 1 in Fighting
  2796 | Sewer    | Noticed Purgy
  3140 | Sewer    | Killed Purgy
  3140 | Sewer    | Reached skill level 2 in Fighting
  3512 | D:3      | Reached skill level 3 in Spellcasting
  4076 | D:4      | Noticed a slave
  4076 | D:4      | Noticed a slave
  4076 | D:4      | Noticed a slave
  4077 | D:4      | Noticed Pikel
  4169 | D:3      | Reached XP level 7. HP: 45/45 MP: 10/12
  4645 | D:4      | Killed Pikel
  4645 | D:4      | Reached skill level 5 in Spellcasting
  4645 | D:4      | Reached skill level 5 in Conjurations
  4645 | D:4      | Reached XP level 8. HP: 47/50 MP: 1/15
  5552 | D:5      | Entered Level 5 of the Dungeon
  5730 | D:5      | Noticed Eustachio
  5872 | D:5      | Killed Eustachio
  5872 | D:5      | Reached skill level 6 in Spellcasting
  5872 | D:5      | Reached skill level 6 in Conjurations
  6128 | D:5      | Found a staircase to the Ecumenical Temple.
  6144 | D:5      | Noticed lancediamond's ghost (amateur TrCK)
  6168 | Temple   | Entered the Ecumenical Temple
  6257 | Temple   | Became a worshipper of Vehumet
  6300 | D:5      | Reached skill level 6 in Earth Magic
  6329 | D:5      | Found Kiafoh's Antique Weapon Shoppe.
  6336 | D:5      | Bought a shimmering halberd for 234 gold pieces
  6336 | D:5      | Identified the +9 halberd of Zeakuif {elec, rElec rN+ MP-9} (You bought it in a shop on level 5 of the Dungeon)
  6470 | D:5      | Noticed Dowan
  6471 | D:5      | Noticed Duvessa
  6514 | D:5      | Killed lancediamond's ghost
  6514 | D:5      | Reached XP level 9. HP: 45/54 MP: 0/18
  6643 | D:5      | Killed Duvessa
  6741 | D:5      | Killed Dowan
  6760 | D:5      | Reached skill level 7 in Conjurations
  7039 | D:5      | Learned a level 2 spell: Passwall
  7045 | D:5      | Learned a level 5 spell: Lee's Rapid Deconstruction
  7085 | D:6      | Reached skill level 7 in Spellcasting
  7137 | D:6      | Reached skill level 7 in Earth Magic
  7243 | D:6      | Reached * piety under Vehumet
  7243 | D:6      | Offered knowledge of Flame Tongue by Vehumet.
  8416 | D:7      | Noticed a troll
  8416 | D:7      | Found an iron altar of Okawaru.
  8568 | D:7      | Reached skill level 3 in Fighting
  8568 | D:7      | Reached skill level 8 in Conjurations
  8700 | D:7      | Reached skill level 3 in Dodging
  8700 | D:7      | Reached XP level 10. HP: 63/63 MP: 7/21
  8751 | D:7      | Reached ** piety under Vehumet
  8751 | D:7      | Offered knowledge of Throw Frost by Vehumet.
  8863 | D:7      | Reached skill level 3 in Stealth
  8876 | D:7      | Reached skill level 4 in Fighting
  9077 | D:7      | Reached skill level 4 in Stealth
  9146 | D:7      | Reached skill level 8 in Earth Magic
  9206 | D:7      | Reached skill level 5 in Stealth
  9512 | D:7      | Reached skill level 5 in Fighting
  9538 | D:7      | Learned a level 3 spell: Confuse
  9571 | D:8      | Offered knowledge of Searing Ray by Vehumet.
  9713 | D:8      | Reached skill level 6 in Stealth
  9779 | D:8      | Found a roughly hewn altar of Beogh.
  9780 | D:8      | Reached *** piety under Vehumet
  9858 | D:8      | Found a staircase to the Lair.
 10039 | D:8      | Noticed a two-headed ogre
 10046 | D:8      | Killed a two-headed ogre
 10046 | D:8      | Reached skill level 4 in Dodging
 10388 | D:8      | Reached skill level 7 in Stealth
 10395 | Lair:1   | Entered Level 1 of the Lair of Beasts
 10467 | Lair:1   | Learned a level 4 spell: Petrify
 10526 | Lair:1   | Reached skill level 9 in Earth Magic
 10526 | Lair:1   | Reached XP level 11. HP: 40/71 MP: 10/22
 10777 | Lair:1   | Noticed an oklob plant
 10780 | Lair:1   | Found a basalt altar of Yredelemnul.
 10855 | Lair:1   | Reached skill level 2 in Transmutations
 10972 | Lair:1   | HP: 16/71 [yak (15)]
 10974 | Lair:1   | Reached skill level 8 in Spellcasting
 11274 | Lair:1   | Reached skill level 3 in Transmutations
 11329 | Lair:1   | Noticed a four-headed hydra
 11575 | Lair:1   | Offered knowledge of Fulminant Prism by Vehumet.
 11753 | Lair:1   | Killed a four-headed hydra
 11753 | Lair:1   | Reached skill level 10 in Earth Magic
 11978 | Lair:2   | Reached skill level 9 in Spellcasting
 12513 | Lair:2   | Noticed an oklob plant
 12796 | Lair:2   | Found a staircase to the Snake Pit.
 12965 | Lair:2   | Reached skill level 5 in Dodging
 13373 | Lair:2   | Reached skill level 6 in Fighting
 13588 | Lair:2   | Reached XP level 12. HP: 44/79 MP: 4/25
 13832 | Lair:2   | Reached skill level 6 in Dodging
 13976 | Lair:3   | Reached skill level 7 in Fighting
 14060 | Lair:3   | Reached **** piety under Vehumet
 14141 | Lair:3   | Offered knowledge of Mephitic Cloud by Vehumet.
 14284 | Lair:3   | Reached skill level 11 in Earth Magic
 14567 | Lair:3   | Reached skill level 8 in Fighting
 15164 | Lair:4   | Found a labyrinth entrance.
 15198 | Lair:4   | Learned a level 2 spell: Repel Missiles
 15205 | Lab      | Entered a labyrinth
 15296 | Lab      | Noticed a minotaur
 15302 | Lab      | Killed a minotaur
 15302 | Lab      | Reached skill level 1 in Hexes
 15306 | Lab      | Got a twitching steel ring
 15717 | Lair:4   | Reached skill level 2 in Hexes
 16218 | Lair:4   | Reached skill level 3 in Hexes
 16295 | Lair:4   | Noticed a seven-headed hydra
 16300 | Lair:4   | Killed a seven-headed hydra
 16300 | Lair:4   | Reached skill level 9 in Fighting
 16300 | Lair:4   | Reached skill level 12 in Earth Magic
 16325 | Lair:4   | Noticed an ice dragon
 16416 | Lair:1   | Reached XP level 13. HP: 90/90 MP: 16/26
 16553 | D:9      | Noticed Joseph
 16761 | D:9      | Found a shimmering altar of Xom.
 16764 | D:9      | Found a shimmering altar of Xom.
 16765 | D:9      | Found a shimmering altar of Xom.
 16765 | D:9      | Found a shimmering altar of Xom.
 16774 | D:9      | Found a shimmering altar of Xom.
 16789 | D:9      | Found a shimmering altar of Xom.
 16920 | D:9      | Found a staircase to the Orcish Mines.
 17066 | D:9      | Killed Joseph
 17214 | D:9      | Identified the ring "Alymar" {rElec MR+ Str+2 Dex+2} (You found it in a labyrinth)
 17420 | D:9      | Reached ***** piety under Vehumet
 17551 | D:9      | Offered knowledge of Delayed Fireball by Vehumet.
 17734 | Orc:1    | Entered Level 1 of the Orcish Mines
 17750 | Orc:1    | Noticed Josephine
 18074 | Orc:1    | Gained mutation: Your flesh is cold resistant. (rC+) [potion of beneficial mutation]
 18083 | Orc:1    | Killed Josephine
 18086 | Orc:1    | HP: 21/90 [wraith[Josephine] (6)]
 18599 | Orc:1    | Reached skill level 10 in Spellcasting
 18763 | Orc:1    | Noticed Erica
 18777 | Orc:1    | Killed Erica
 19178 | Orc:2    | Entered Level 2 of the Orcish Mines
 19235 | Orc:2    | Reached skill level 13 in Earth Magic
 19270 | Orc:2    | Noticed an orc warlord
 19408 | Orc:2    | Found Peireunu's Book Shoppe.
 19408 | Orc:2    | Found Voklut's General Store.
 19438 | Orc:1    | HP: 19/90 [orc warrior/glaive (24)]
 19878 | Lair:4   | Killed an ice dragon
 20056 | Lair:4   | Found a staircase to the Shoals.
 20850 | Lair:5   | Reached skill level 11 in Spellcasting
 21038 | Lair:6   | Entered Level 6 of the Lair of Beasts
 21048 | Lair:6   | HP: 21/90 [spiny frog (8)]
 21484 | D:10     | Entered Level 10 of the Dungeon
 22060 | D:11     | Got a twisted dagger
 22437 | D:11     | Reached XP level 14. HP: 94/97 MP: 20/29
 22648 | D:11     | Reached skill level 14 in Earth Magic
 22780 | D:11     | Learned a level 2 spell: Swiftness
 23047 | D:12     | Noticed Gastronok
 23159 | D:12     | Noticed Maurice
 23176 | D:12     | Killed Maurice
 23251 | D:12     | Found Guyweuv's Antique Weapon Shoppe.
 23264 | D:12     | Offered knowledge of Fireball by Vehumet.
 23666 | D:12     | Reached skill level 12 in Spellcasting
 23731 | D:12     | Killed Gastronok
 23755 | D:12     | Identified the +8 dagger of Defiance {freeze, rN++} (You found it on level 11 of the Dungeon)
 24776 | D:13     | Noticed Erolcha
 24778 | D:13     | Killed Erolcha
 24778 | D:13     | Reached skill level 10 in Fighting
 24778 | D:13     | Reached skill level 15 in Earth Magic
 25435 | D:13     | Found a portal to a secret trove of treasure.
 25716 | D:14     | Offered knowledge of Orb of Destruction by Vehumet.
 25722 | D:14     | Noticed Kirke
 26097 | D:14     | Found a blossoming altar of Fedhas.
 26118 | D:14     | HP: 22/99 [harpy[Kirke] (10)]
 26197 | D:14     | Found a white marble altar of Elyvilon.
 26636 | Orc:1    | Killed an orc warlord
 27185 | Orc:1    | Reached XP level 15. HP: 49/105 MP: 1/31
 27547 | Orc:2    | Reached skill level 16 in Earth Magic
 27654 | Orc:2    | Found Dorrunaf's Antique Weapon Boutique.
 27832 | Orc:2    | Found Poepteomoe's Antique Armour Shop.
 27995 | Orc:2    | Found a staircase to the Elven Halls.
 28186 | Orc:2    | Bought the ring of Patience {rCorr Dex+2} for 436 gold pieces
 28914 | Lair:6   | Found a staircase to the Slime Pits.
 28931 | Lair:6   | Offered knowledge of Bolt of Cold by Vehumet.
 29457 | Lair:6   | Reached skill level 17 in Earth Magic
 31361 | Shoals:1 | Entered Level 1 of the Shoals
 32291 | Shoals:2 | Noticed cciulla's ghost (adept FoFi)
 32319 | Shoals:3 | Reached skill level 7 in Dodging
 32332 | Shoals:3 | Reached skill level 11 in Fighting
 33230 | Shoals:3 | Reached XP level 16. HP: 51/112 MP: 18/32
 33275 | Shoals:3 | Reached skill level 9 in Conjurations
 33814 | Shoals:3 | Reached skill level 8 in Dodging
 33832 | Shoals:3 | HP: 24/112 [merfolk/halberd (17)]
 33835 | Shoals:3 | HP: 8/112 [merfolk/halberd (22)]
 33836 | Shoals:3 | Slain by a merfolk

Vault maps used:
D:1:      ldierk_walled_garden_2, serial_park_tiny_2
D:2:      uniq_iyjb, uniq_robin
D:3:      first_bread, gup_sewer_entry_pipe, hangedman_decor_push, minmay_vboxes
D:4:      uniq_pikel
D:5:      serial_shops, shop, uniq_duvessa, uniq_eustachio
D:6:      cheibrodos_thug_alley
D:7:      grunt_livestock, okawaru_trees_1
D:8:      dpeg_oklobed_lair, grunt_ministairs_1, david_defended_altar_orc
D:9:      zombieorc1_lemuel, xom_redecorated, uniq_joseph
D:11:     minivault_19, nicolae_lava_and_water
D:12:     serial_shops, shop, uniq_gastronok, uniq_maurice
D:13:     minmay_blocky_corners, special_room, enter_trove_5, uniq_erolcha
D:14:     grunt_vaults_entry_fortified, elyvilon_altar_3, minmay_statues_item,
          minivault_26, fedhas_altar_2, uniq_kirke
Temple:   grunt_wide_crystal_templ
Lair:1:   lemuel_oklob_altar, grunt_megastairs_1
Lair:2:   guppyfry_snake_entry_island
Lair:3:   infiniplex_staircase_pool_2, grunt_megastairs_4
Lair:4:   elwin_shoals_entry_rooms, lab_entry_generic, bobbens_ice_dragon_lair
Lair:5:   grunt_megastairs_5, serial_bayou_shore_a, lemuel_fruit_fields
Lair:6:   grunt_lair_end_beastmaster, minmay_slime_entry_pillars
Shoals:3: ldierk_geyser
Orc:1:    enter_bailey_5, guppyfry_library_mini, uniq_josephine, uniq_erica
Orc:2:    grunt_orc_gardens, grunt_orc_garden, grunt_orc_garden,
          grunt_orc_garden, grunt_orc_garden, nicolae_orc_flooded_monolith,
          mines5_lemuel
Lab:      labyrinth_hidden_loot
Sewer:    sewer_co_purgy_island

Skill      XL: |  1  2  3  4  5  6  7  8  9 10 11 12 13 14 15 16 |
---------------+-------------------------------------------------+-----
Earth Magic    | 4 5 6 7 9 10 12 13 15 17 | 17.5
Conjurations   | 3 5 6 8 9 |  9.3
Fighting       | 2 3 5 6 9 10 11 | 11.1
Spellcasting   | 3 5 6 7 9 11 12 | 12.1
Dodging        | 3 4 5 6 7 8 |  8.0
Stealth        | 7 |  7.2
Transmutations | 3 |  3.0
Hexes          | 3 |  3.0

Action                   |  1- 3 |  4- 6 |  7- 9 | 10-12 | 13-15 | 16-18 || total
-------------------------+-------+-------+-------+-------+-------+-------++-------
Melee: Dagger            |    10 |   127 |   140 |    42 |     3 |     8 ||   330
       Constrict         |     4 |    34 |    34 |     9 |    12 |     1 ||    94
       Unarmed           |     4 |       |       |       |       |       ||     4
       Tentacles         |     2 |    21 |    32 |    10 |    11 |     3 ||    79
       Staff             |       |       |       |       |    40 |       ||    40
 Fire: Blowgun           |       |     7 |       |       |       |       ||     7
Throw: Stone             |     4 |       |     8 |    19 |    16 |       ||    47
 Cast: Sandblast         |    31 |    22 |    23 |     8 |     7 |       ||    91
       Stone Arrow       |       |    10 |   109 |   334 |   755 |    24 ||  1232
       Lee's Rapid Decon |       |       |       |    17 |   233 |    16 ||   266
       Petrify           |       |       |       |     6 |    64 |    11 ||    81
       Repel Missiles    |       |       |       |     1 |    14 |     1 ||    16
       Confuse           |       |       |       |       |     5 |       ||     5
       Swiftness         |       |       |       |       |     2 |       ||     2
Evoke: Wand              |       |       |     5 |     2 |     4 |       ||    11
  Use: Scroll            |       |     6 |     5 |    12 |    24 |       ||    47
       Potion            |       |     5 |       |     1 |    12 |     4 ||    22
 Stab: Sleeping          |       |     6 |     2 |       |     2 |       ||    10
       Distracted        |       |       |     1 |       |       |       ||     1
  Eat: Chunk             |     1 |    11 |    15 |    18 |    53 |     2 ||   100
       Fruit             |       |       |       |     5 |       |     1 ||     6
       Royal jelly       |       |       |       |     2 |     2 |       ||     4
       Beef jerky        |       |       |       |       |     4 |       ||     4
       Meat ration       |       |       |       |       |     1 |       ||     1
       Bread ration      |       |       |       |       |     1 |       ||     1
Armor: Skin              |     4 |    15 |    11 |     3 |    22 |       ||    55
Dodge: Dodged            |    28 |   100 |   117 |    79 |   309 |    25 ||   658
       Deflected         |       |       |       |       |    35 |       ||    35

Vault maps used:
D:1:      ldierk_walled_garden_2, serial_park_tiny_2
D:2:      uniq_iyjb, uniq_robin
D:3:      first_bread, gup_sewer_entry_pipe, hangedman_decor_push, minmay_vboxes
D:4:      uniq_pikel
D:5:      serial_shops, shop, uniq_duvessa, uniq_eustachio
D:6:      cheibrodos_thug_alley
D:7:      grunt_livestock, okawaru_trees_1
D:8:      dpeg_oklobed_lair, grunt_ministairs_1, david_defended_altar_orc
D:9:      zombieorc1_lemuel, xom_redecorated, uniq_joseph
D:11:     minivault_19, nicolae_lava_and_water
D:12:     serial_shops, shop, uniq_gastronok, uniq_maurice
D:13:     minmay_blocky_corners, special_room, enter_trove_5, uniq_erolcha
D:14:     grunt_vaults_entry_fortified, elyvilon_altar_3, minmay_statues_item,
          minivault_26, fedhas_altar_2, uniq_kirke
Temple:   grunt_wide_crystal_templ
Lair:1:   lemuel_oklob_altar, grunt_megastairs_1
Lair:2:   guppyfry_snake_entry_island
Lair:3:   infiniplex_staircase_pool_2, grunt_megastairs_4
Lair:4:   elwin_shoals_entry_rooms, lab_entry_generic, bobbens_ice_dragon_lair
Lair:5:   grunt_megastairs_5, serial_bayou_shore_a, lemuel_fruit_fields
Lair:6:   grunt_lair_end_beastmaster, minmay_slime_entry_pillars
Shoals:3: ldierk_geyser
Orc:1:    enter_bailey_5, guppyfry_library_mini, uniq_josephine, uniq_erica
Orc:2:    grunt_orc_gardens, grunt_orc_garden, grunt_orc_garden,
          grunt_orc_garden, grunt_orc_garden, nicolae_orc_flooded_monolith,
          mines5_lemuel
Lab:      labyrinth_hidden_loot
Sewer:    sewer_co_purgy_island

Table legend:
 A = Turns spent in this place as a percentage of turns spent in the entire game.
 B = Non-inter-level travel turns spent in this place as a percentage of non-inter-level travel turns spent in the entire game.
 C = Inter-level travel turns spent in this place as a percentage of turns spent in this place.
 D = Turns resting spent in this place as a percentage of non-inter-level travel turns spent in this place.
 E = Turns spent auto-exploring this place as a percentage of non-inter-level travel turns spent in this place.
 F = Non-inter-level travel turns spent in this place divided by the number of levels of this place that you've seen.
                   A       B       C       D       E      F
               +-------+-------+-------+-------+-------+----------------------
         Total | 100.0 | 100.0 |   0.8 |   4.7 |   6.0 | 400.1
       Dungeon |  51.6 |  51.7 |   0.7 |   4.3 |   7.2 | 413.6
        Temple |   0.2 |   0.2 |   7.7 |   0.0 |  70.8 |  24.0
          Lair |  26.2 |  26.1 |   1.2 |   5.2 |   5.7 | 487.0
        Shoals |   7.8 |   7.9 |   0.0 |   5.2 |   0.7 | 295.0
  Orcish Mines |  10.5 |  10.5 |   0.9 |   5.5 |   4.8 | 588.5
     Labyrinth |   1.2 |   1.2 |   0.0 |   0.0 |   0.0 | 138.0
         Sewer |   2.4 |   2.4 |   0.0 |   4.9 |   3.7 | 267.0
               +-------+-------+-------+-------+-------+----------------------

Table legend:
 A = Kills in this place as a percentage of kills in entire the game.
 B = Kills by you in this place as a percentage of kills by you in the entire game.
 C = Kills by friends in this place as a percentage of kills by friends in the entire game.
 D = Other kills in this place as a percentage of other kills in the entire game.
 E = Experience gained in this place as a percentage of experience gained in the entire game.
 F = Experience gained in this place divided by the number of levels of this place that you have seen.
                   A       B       C       D       E      F
               +-------+-------+-------+-------+-------+----------------------
         Total | 100.0 | 100.0 | 100.0 |  -nan | 100.0 | 4771.1
       Dungeon |  59.0 |  59.2 |   0.0 |  -nan |  33.0 | 3146.9
          Lair |  23.0 |  22.8 | 100.0 |  -nan |  38.6 | 8597.0
        Shoals |   4.1 |   4.1 |   0.0 |  -nan |  12.6 | 5594.0
  Orcish Mines |  13.0 |  13.1 |   0.0 |  -nan |  14.9 | 9969.0
     Labyrinth |   0.1 |   0.1 |   0.0 |  -nan |   0.8 | 1098.0
         Sewer |   0.7 |   0.7 |   0.0 |  -nan |   0.1 | 136.0
               +-------+-------+-------+-------+-------+----------------------
